 Dungeon Crawl Stone Soup version 0.17.0-18-gaab0e96 (webtiles) character file.

95 timbw the Caller (level 4, -8/26 HPs)
             Began as a Deep Elf Summoner on Nov 11, 2015.
             Mangled by Edmund
             ... wielding a +4 flail of crushing
              (11 damage)
             ... on level 4 of the Dungeon.
             The game lasted 00:05:25 (857 turns).

timbw the Caller (Deep Elf Summoner)                 Turns: 857, Time: 00:05:25

Health: -8/26      AC:  5    Str: 12    XL:     4   Next: 40%
Magic:  4/21       EV: 13    Int: 21    God:
Gold:   66         SH:  0    Dex: 15    Spells: 4 memorised, 1 level left

rFire  . . .     SeeInvis .     d - +0 spear
rCold  . . .     Clarity  .     a - +0 robe
rNeg   . . .     SustAt   .     (no shield)
rPois  .         Gourm    .     (no helmet)
rElec  .         Spirit   .     l - +0 cloak
rCorr  .         Warding  .     (no gloves)
rMut   .         Stasis   .     (no boots)
MR     .....                    (no amulet)
Stlth  ++........               (no ring)
                                m - ring of magical power

@: mighty, very slightly contaminated, slowed, very slow, not resistant to
hostile enchantments, unstealthy
A: yellow scales 1, robust 1, strong 1
a: no special abilities


You were on level 4 of the Dungeon.
You were not hungry.

You visited 1 branch of the dungeon, and saw 4 of its levels.

You collected 66 gold pieces.

Inventory:

Hand Weapons
 d - a +0 spear (weapon)
Missiles
 k - 3 javelins (quivered)
Armour
 a - a +0 robe (worn)
 l - a +0 cloak (worn)
Jewellery
 m - a ring of magical power (left hand)
Scrolls
 h - a scroll of identify {unknown}
 i - a scroll of magic mapping {unknown}
 j - 2 scrolls of teleportation {unknown}
 o - 2 scrolls of random uselessness {unknown}
 q - 2 scrolls of remove curse {unknown}
Potions
 e - a potion of mutation
 g - a potion of might
 n - a potion of resistance {unknown}
 p - a potion of poison {unknown}
 r - a potion of brilliance {unknown}
Books
 b - a book of Callings

   Spells                             Type                      Level
   a - Summon Small Mammal            Summoning                    1
   b - Call Imp                       Summoning                    2
   c - Call Canine Familiar           Summoning                    3
   d - Summon Guardian Golem          Hexes/Summoning              3
   e - Summon Lightning Spire         Summoning/Air                4
   f - Summon Ice Beast               Ice/Summoning                4
Comestibles
 c - 3 bread rations


   Skills:
 - Level 2.4 Dodging
 - Level 2.4 Stealth
 + Level 4.3 Spellcasting
 * Level 5.9 Summonings


You had one spell level left.
You knew the following spells:

 Your Spells              Type           Power        Failure   Level  Hunger
a - Summon Small Mammal   Summ           ####         1%          1    None
b - Call Imp              Summ           ####....     1%          2    #......
c - Call Canine Familiar  Summ           ####....     2%          3    ##.....
d - Summon Ice Beast      Ice/Summ       ###.....     34%         4    ####...


Dungeon Overview and Level Annotations

Branches:
Dungeon (4/15)
 Temple: D:4-7

Altars:

Annotations:
D:4 Edmund, Eustachio


Innate Abilities, Weirdness & Mutations

You are partially covered in yellow scales (AC +2).
You are robust (+10% HP).
Your muscles are strong. (Str +2)


Message History

Natasha casts a spell at you. The magic dart hits you!
* * * LOW HITPOINT WARNING * * *
Edmund says, "People think my brother is the best.
I think he's crazy."
Read which item? (? for menu, Esc to quit)
Okay, then.
Drink which item? (? for menu, Esc to quit)
It was a potion of mutation.
You feel extremely strange.
You feel robust.
You feel stronger.
Yellow scales grow over part of your body.
Your hound completely misses Natasha.
Your crimson imp hits Natasha but does no damage.
Your hound bites Natasha.
Natasha closely misses your hound.
Drink which item? (? for menu, Esc to quit)
It was a potion of might.
You feel very mighty all of a sudden.
Your hound closely misses Natasha.
Your hound bites Natasha.
Natasha dies!
Edmund hits you with a flail of crushing!
You die...

########.#.##
#..[........#
#...........#
#...........#
.............#
.............####
.........h......#
..)......5.@....#
...########@....#
...# #.....# ..
#..#### #.# #..#
#.. #####..#
#.##......#
######..#......###
.<..†............#
.................#


You could see Edmund, a friendly hound and a friendly crimson imp.

Vanquished Creatures
  A giant cockroach (D:2)
  3 jackals (D:1)
  A kobold (D:2)
  A bat (D:2)
  2 giant newts
  A rat (D:1)
9 creatures vanquished.

Vanquished Creatures (collateral kills)
  A scorpion (D:4)
  Natasha (thrice) (D:4)
  5 adders
  A giant gecko (D:1)
  An orc (D:3)
  A giant cockroach (D:2)
  4 goblins
  2 hobgoblins (D:2)
  A jackal (D:1)
  2 kobolds
  A quokka (D:2)
  3 giant newts
  3 rats (D:2)
28 creatures vanquished.

Grand Total: 37 creatures vanquished

Notes
Turn   | Place    | Note
--------------------------------------------------------------
     0 | D:1      | timbw the Deep Elf Summoner began the quest for the Orb.
     0 | D:1      | Reached XP level 1. HP: 10/10 MP: 6/6
   195 | D:2      | Found a faded altar to an unknown god.
   205 | D:2      | Reached XP level 2. HP: 13/15 MP: 4/8
   210 | D:2      | Learned a level 2 spell: Call Imp
   311 | D:2      | Reached skill level 5 in Summonings
   549 | D:3      | Reached XP level 3. HP: 19/19 MP: 10/10
   554 | D:3      | Learned a level 3 spell: Call Canine Familiar
   654 | D:4      | Noticed Eustachio
   767 | D:4      | Noticed Natasha
   775 | D:4      | Killed Natasha
   788 | D:4      | Noticed a scorpion
   802 | D:4      | Killed a scorpion
   802 | D:4      | Reached XP level 4. HP: 24/24 MP: 11/12
   809 | D:4      | Learned a level 4 spell: Summon Ice Beast
   816 | D:4      | Noticed Natasha
   825 | D:4      | Killed Natasha
   837 | D:4      | Noticed Edmund
   848 | D:4      | Noticed Natasha
   856 | D:4      | Gained mutation: You are robust (+10% HP). [potion of mutation]
   856 | D:4      | Gained mutation: Your muscles are strong. (Str +2) [potion of mutation]
   856 | D:4      | Gained mutation: You are partially covered in yellow scales (AC +2). [potion of mutation]
   857 | D:4      | Killed Natasha
   857 | D:4      | Mangled by Edmund

Action                   |  1- 3 |  4- 6 || total
-------------------------+-------+-------++-------
Melee: Spear             |    29 |     1 ||    30
 Cast: Summon Small Mamm |    19 |       ||    19
       Call Imp          |    19 |     2 ||    21
       Call Canine Famil |     5 |     1 ||     6
  Use: Potion            |       |     2 ||     2
 Stab: Sleeping          |     3 |       ||     3
       Distracted        |     1 |       ||     1
  Eat: Chunk             |       |     1 ||     1
